 Dungeon Crawl Stone Soup version 0.28.0-53-g5a82cb258f (webtiles) character file.

Game seed: 17581943351583315544

2392 Stomo the Skirmisher (level 9, -3/81 HPs)
             Began as a Yellow Draconian Fighter on June 19, 2022.
             Was a Follower of the Shining One.
             Slain by a two-headed ogre
             ... wielding a +0 giant spiked club
              (11 damage)
             ... on level 6 of the Dungeon.
             The game lasted 00:13:01 (6985 turns).

Stomo the Skirmisher (Yellow Draconian Fighter)     Turns: 6985, Time: 00:13:01

Health: -3/81      AC: 10    Str: 22    XL:     9   Next: 22%
Magic:  22/22      EV: 15    Int:  9    God:    the Shining One [*.....]
Gold:   201        SH:  0    Dex: 17    Spells: 8/8 levels left

rFire   . . .      SeeInvis .   a - +0 flail
rCold   . . .      Faith    .   (no shield)
rNeg    . . .      Spirit   .   (armour unavailable)
rPois   .          Reflect  .   (helmet restricted)
rElec   .          Harm     .   (no cloak)
rCorr   +          Rampage  .   k - +0 pair of gloves
Will    .....                   n - +1 pair of boots
Stlth   +.........              (no amulet)
HPRegen 0.23/turn               d - +6 ring of dexterity
MPRegen 0.18/turn               i - ring of magical power

@: glowing
A: spit acid, AC +7, unfitting armour, cold-blooded, acid resistance
a: Breathe Acid, Renounce Religion, Divine Shield


You were on level 6 of the Dungeon.
You worshipped the Shining One.
The Shining One was aware of your devotion.
You visited 2 branches of the dungeon, and saw 7 of its levels.

You collected 201 gold pieces.

Inventory:

Hand Weapons
 a - a +0 flail (weapon)
Armour
 b - a +0 buckler
 k - a +0 pair of gloves (worn)
 n - a +1 pair of boots (worn)
Jewellery
 d - a +6 ring of dexterity (left hand)
 i - a ring of magical power (right hand)
 x - an amulet of regeneration
Wands
 l - a wand of digging (5)
Scrolls
 h - 5 scrolls of identify
 q - 2 scrolls of amnesia
 r - a scroll of fear {unknown}
 s - a scroll of blinking {unknown}
 t - a scroll of vulnerability {unknown}
 u - a scroll of fog {unknown}
 w - a scroll of enchant armour {unknown}
 y - a scroll of torment {unknown}
Potions
 c - a potion of might
 e - 4 potions of curing
 f - a potion of heal wounds {unknown}
 g - 2 potions of lignification
 j - a potion of magic
 m - a potion of attraction {unknown}
 o - a potion of mutation {unknown}
 p - 2 potions of degeneration {unknown}
 v - a potion of flight {unknown}


   Skills:
 + Level 7.9 Fighting
 + Level 6.7 Maces & Flails
 + Level 6.5 Dodging
 - Level 0.3 Stealth
 - Level 3.0 Shields
 + Level 5.3 Invocations


You had 8 spell levels left.
You didn't know any spells.
Your spell library contained the following spells:

 Spells                   Type           Power      Damage    Failure   Level
 Ensorcelled Hibernation  Hex/Ice        0%         N/A       52%         2
 Passwall                 Tmut/Erth      0%         N/A       52%         2
 Static Discharge         Conj/Air       0%         N/A       52%         2
 Call Canine Familiar     Summ           0%         N/A       77%         3
 Gell's Gravitas          Tloc           0%         N/A       77%         3
 Portal Projectile        Hex/Tloc       0%         N/A       77%         3
 Swiftness                Air            0%         N/A       77%         3
 Teleport Other           Tloc           0%         N/A       77%         3
 Tukima's Dance           Hex            0%         N/A       77%         3
 Anguish                  Hex/Necr       0%         N/A       99%         4
 Leda's Liquefaction      Hex/Erth       0%         N/A       99%         4
 Lightning Bolt           Conj/Air       0%         1d11      100%        5
 Dispersal                Tloc           0%         N/A       100%        6
 Enfeeble                 Hex            0%         N/A       100%        7
 Maxwell's Capacitive Co  Air            0%         ∞         100%        8


Dungeon Overview and Level Annotations

Branches:
Dungeon (6/15)             Temple (1/1) D:4

Altars:
Ashenzari
Cheibriados
Dithmenos
Fedhas
Hepliaklqana
Kikubaaqudgha
Makhleb
Okawaru
Qazlal
Ru
Trog
Uskayaw
Vehumet
Wu Jian
Xom
Yredelemnul
Zin
The Shining One

Shops:
D:3 [


Innate Abilities, Weirdness & Mutations

You can spit globs of acid.
Your golden yellow scales are hard. (AC +7)
You cannot fit into any form of body armour.
You are cold-blooded and may be slowed by cold attacks.
You are resistant to acid. (rCorr)


Message History

You hear the brisk rusting of a very distant drain.
You sock the wyvern skeleton!
The wyvern skeleton is almost destroyed.
The wyvern skeleton bites you.
Press: ? - help, Shift-Dir - straight line, f - two-headed ogre
Aim: a two-headed ogre, wielding two +0 giant spiked clubs (haloed, 89% to hit)
You spit a glob of acid.
The glob of acid hits the two-headed ogre!
The acid corrodes the two-headed ogre!
The acid splashes onto the bullfrog!
The bullfrog is splashed with acid.
The acid corrodes the bullfrog!
The acid splashes onto the wyvern skeleton!
The wyvern skeleton is splashed with acid.
The acid corrodes the wyvern skeleton!
The two-headed ogre is moderately wounded.
You hit the two-headed ogre. You tail-slap the two-headed ogre.
The two-headed ogre is moderately wounded.
The two-headed ogre barely misses you. x2
You hit the two-headed ogre. You tail-slap the two-headed ogre.
The two-headed ogre is heavily wounded.
You hit the two-headed ogre.
The two-headed ogre is heavily wounded.
You have got your breath back.
The two-headed ogre closely misses you. x2
You hit the two-headed ogre but do no damage.
The two-headed ogre is heavily wounded.
The two-headed ogre hits you with a +0 giant spiked club!
The two-headed ogre hits you with a +0 giant spiked club!!
You sock the two-headed ogre!
The two-headed ogre is severely wounded.
The two-headed ogre misses you. The two-headed ogre barely misses you.
You hit the two-headed ogre.
The two-headed ogre is almost dead.
The two-headed ogre hits you with a +0 giant spiked club.
The two-headed ogre barely misses you.
You hit the two-headed ogre.
The two-headed ogre is almost dead.
The two-headed ogre hits you with a +0 giant spiked club!!
* * * LOW HITPOINT WARNING * * *
The two-headed ogre hits you with a +0 giant spiked club!
You die...

.#####.##.#
##..##. .#
#.##.# ..!)..
.# #.##.#
.!(. †# #.# #
#..# # .# #.#
#.##..##.# .#
#.#
#....$...# .#
#.#
#####''####
.# #.#
#.##Z..# ##
#.# #.@OF###
# #.# #.####
# ##.# #.# #
#..########.#
#
#...........#
#
#.###########
# #.# # #.#
#.#


You could see a two-headed ogre (corroded), a bullfrog (corroded) and a wyvern
skeleton (corroded).

Vanquished Creatures
  2 centaur zombies
  Prince Ribbit (D:6)
  Grinder (D:5)
  A wyvern (D:5)
  Eustachio (D:5)
  A sky beast (D:5)
  2 black bears
  2 ogres
  2 lemures
  2 scorpions
  A water moccasin skeleton (D:4)
  2 hounds
  3 orc priests
  Ijyb (D:3)
  An iguana (D:4)
  A hound skeleton (D:2)
  An adder (D:5)
  2 adder skeletons (D:5)
  4 dart slugs
  10 orcs
  6 bats
  8 endoplasms
  A giant cockroach (D:1)
  5 goblins
  8 hobgoblins
  2 jackals (D:2)
  7 kobolds
  A quokka (D:3)
  8 ball pythons
  5 frilled lizards
  3 rats
  A bush (D:1)
96 creatures vanquished.

Vanquished Creatures (collateral kills)
  Pikel (D:4)
1 creature vanquished.

Vanquished Creatures (others)
  12 plants
12 creatures vanquished.

Grand Total: 109 creatures vanquished

Notes
Turn   | Place    | Note
-------+----------+-------------------------------------------
     0 | D:1      | Stomo the Draconian Fighter began the quest for the Orb.
     0 | D:1      | Reached XP level 1. HP: 19/19 MP: 1/1
   176 | D:1      | Found a faded altar of an unknown god.
   336 | D:1      | Reached XP level 2. HP: 25/26 MP: 2/2
  1288 | D:1      | Reached skill level 4 in Fighting
  1288 | D:1      | Reached XP level 3. HP: 33/33 MP: 3/3
  1720 | D:2      | Found a shimmering altar of Xom.
  2008 | D:3      | Noticed Ijyb
  2042 | D:3      | Killed Ijyb
  2043 | D:3      | Reached XP level 4. HP: 29/40 MP: 4/4
  2403 | D:3      | Found Sakis's Antique Armour Emporium.
  2970 | D:4      | Noticed a scorpion
  2970 | D:4      | Noticed an ogre
  2970 | D:4      | Noticed a black bear
  3072 | D:4      | Reached XP level 5. HP: 45/47 MP: 5/5
  3100 | D:4      | Killed an ogre
  3101 | D:4      | Reached skill level 5 in Fighting
  3106 | D:4      | Reached XP level 6. HP: 47/56 MP: 6/6
  3348 | D:4      | HP: 1/56 [orc priest/divine providence (11)]
  3699 | D:4      | Noticed Pikel
  3956 | D:4      | Found a staircase to the Ecumenical Temple.
  4060 | Temple   | Entered the Ecumenical Temple
  4324 | Temple   | Became a worshipper of the Shining One
  4515 | D:4      | Your scales start taking on a golden yellow colour.
  4515 | D:4      | Reached XP level 7. HP: 35/62 MP: 7/7
  4515 | D:4      | Gained mutation: You are resistant to acid. (rCorr) [Yellow
                  | Draconian growth]
  4827 | D:4      | Killed Pikel
  4828 | D:4      | Reached skill level 6 in Fighting
  4828 | D:4      | Reached skill level 5 in Maces & Flails
  4828 | D:4      | Reached skill level 5 in Dodging
  5282 | D:5      | Entered Level 5 of the Dungeon
  5282 | D:5      | Noticed Grinder
  5286 | D:5      | Paralysed by Grinder for 4 turns
  5317 | D:5      | Paralysed by Grinder for 4 turns
  5323 | D:5      | Killed Grinder
  5324 | D:5      | Reached XP level 8. HP: 57/71 MP: 10/10
  5426 | D:5      | Reached skill level 7 in Fighting
  6149 | D:5      | Noticed Eustachio
  6156 | D:5      | Killed Eustachio
  6168 | D:5      | r
  6336 | D:5      | Reached XP level 9. HP: 58/80 MP: 12/12
  6539 | D:6      | Reached * piety under the Shining One
  6557 | D:6      | Reached skill level 5 in Invocations
  6708 | D:6      | Noticed Prince Ribbit
  6719 | D:6      | Killed Prince Ribbit
  6968 | D:6      | Noticed a two-headed ogre
  6985 | D:6      | Slain by a two-headed ogre

Illustrated notes

#...................
#...................
#...................
#...................
#...................
#...................
#...........).....:.
#######.............
#.....@...........
#................#
#................#+#.
#######........≈≈≈≈≈≈≈.#..8
#......#####≈≈≈≈≈≈≈≈≈≈≈≈≈.8..
#......# ≈≈≈≈≈≈≈≈≈≈≈≈≈≈≈≈≈..
#......#≈≈≈≈≈≈≈≈≈≈≈≈≈≈≈≈≈≈≈..
#...<..#≈≈≈≈≈≈≈≈≈.##≈≈≈≈≈≈≈..
#......#≈≈≈≈≈≈.......#.≈≈≈≈..


Turn 6168 on D:5: r

Levels and vault maps discovered:
D:1:      scummos_arrival_forest, layout_loops_corners,
          shapermc_ecumenical_altar_totnotflames, serial_forest,
          infiniplex_forest_corner_1, infiniplex_forest_clump_large,
          infiniplex_forest_end_1, infiniplex_forest_clump_small,
          infiniplex_forest_straight_3, infiniplex_forest_lined_3,
          infiniplex_forest_lined_corner, infiniplex_forest_clump_tiny
D:2:      layout_rooms, basic_altar
D:3:      layout_basic, serial_shops, shop, minivault_4, uniq_ijyb
D:4:      layout_loops_ring, lemuel_temple_firewalk_a, serial_bayou,
          serial_bayou_pond_e, serial_bayou_ford_a, serial_bayou_pond_b,
          serial_bayou_crossing, uniq_pikel
D:5:      wander_river, layout_gridville, uniq_eustachio, uniq_grinder
D:6:      layout_loops_ring, lightli_sewer_entry_pipes, kennysheep_nondescript,
          kennysheep_generic_room_5, uniq_prince_ribbit1
Temple:   hc_temple_tempest_star

Skill      XL: |  1  2  3  4  5  6  7  8  9 |
---------------+----------------------------+-----
Dodging        | 3 4 5 6 |  6.5
Fighting       | 4 5 6 7 |  7.9
Maces & Flails | 3 4 5 6 |  6.7
Invocations    | 3 4 5 |  5.3
Stealth        | |  0.3
Shields        | |  3.0

Action                   |  1- 3 |  4- 6 |  7- 9 || total
-------------------------+-------+-------+-------++-------
Melee: Flail             |   186 |   137 |    97 ||   420
       Tailslap          |    23 |    20 |    24 ||    67
       Punch             |       |       |     1 ||     1
 Abil: Breathe Acid      |       |       |    13 ||    13
  Use: Potion            |       |     2 |       ||     2
       Scroll            |       |     8 |     1 ||     9
 Stab: Sleeping          |     1 |     1 |       ||     2
Armor: Skin              |    47 |    49 |    44 ||   140
Dodge: Dodged            |    83 |   111 |    75 ||   269
